 Dungeon Crawl Stone Soup version 0.20.0-3-g22ec75f (webtiles) character file.

4765 Kosschaser the Basher (level 10, -2/61 HPs)
             Began as a Gargoyle Fighter on May 27, 2017.
             Was a High Priest of Jiyva.
             Killed from afar by Harold (25 damage)
             ... with a bolt of fire
             ... on level 10 of the Dungeon.
             The game lasted 00:30:23 (7433 turns).

Kosschaser the Basher (Gargoyle Fighter)            Turns: 7433, Time: 00:30:24

Health: -2/61      AC: 26    Str: 20    XL:     10   Next: 47%
Magic:  10/10      EV:  8    Int: 11    God:    Jiyva [*****.]
Gold:   101        SH: 11    Dex: 10    Spells: 9/9 levels left

rFire    . . .     SeeInvis +   w - +0 flail (protect)
rCold    . . .     Gourm    .   c - +0 shield
rNeg     + . .     Faith    .   H - +0 chain mail (curse)
rPois    ∞         Spirit   .   (no helmet)
rElec    +         Reflect  .   (no cloak)
rCorr    +         Harm     +   (no gloves)
MR       .....                  F - +1 pair of boots
Stlth    ..........             b - amulet of harm
Regen    0.2/turn               j - ring of see invisible
MPRegen  0.2/turn               (no ring)

@: protection aura
A: big wings, fangs 1, see invisible, negative energy resistance 1, electricity
resistance, wild magic 1, unbreathing, petrification resistance, rot immunity,
AC +7
a: Fly, Request Jelly, Slimify, Cure Bad Mutation, Renounce Religion


You were on level 10 of the Dungeon.
You worshipped Jiyva.
Jiyva was extremely pleased with you.
You were completely stuffed.

You visited 2 branches of the dungeon, and saw 11 of its levels.

You collected 357 gold pieces.
You spent 256 gold pieces at shops.

Inventory:

Hand Weapons
 w - a +0 flail of protection (weapon)
Armour
 c - a +0 shield (worn)
 F - a +1 pair of boots (worn)
 G - a +0 helmet
 H - a cursed +0 chain mail (worn)
Jewellery
 b - an amulet of harm (around neck)
 j - a ring of see invisible (left hand)
Scrolls
 e - 2 scrolls of teleportation
 g - 3 scrolls of fog
 h - 2 scrolls of amnesia
 m - 2 scrolls of blinking {unknown}
 n - a scroll of random uselessness {unknown}
 v - 3 scrolls of enchant armour
 y - 4 scrolls of remove curse
 A - 2 scrolls of fear {unknown}
 B - a scroll of magic mapping
Potions
 a - a potion of magic
 d - a potion of might
 o - a potion of degeneration {unknown}
 p - a potion of agility {unknown}
 q - a potion of haste {unknown}
 r - 3 potions of curing
 u - 2 potions of brilliance {unknown}
 x - 2 potions of flight {unknown}
 z - a potion of lignification {unknown}
 C - a potion of heal wounds {unknown}
Books
 i - a book of Cantrips

   Spells                             Type                      Level
   a - Confusing Touch                Hexes                        1
   b - Animate Skeleton               Necromancy                   1
   c - Summon Small Mammal            Summoning                    1
   d - Apportation                    Translocation                1
 D - a book of Maledictions

   Spells                             Type                      Level
   a - Corona                         Hexes                        1
   b - Ensorcelled Hibernation        Hexes/Ice                    2
   c - Confuse                        Hexes                        3
   d - Tukima's Dance                 Hexes                        3
   e - Dazzling Spray                 Conjuration/Hexes            3
Comestibles
 f - 7 bread rations
 l - 6 meat rations
 s - 6 fruits
 t - a royal jelly


   Skills:
 + Level 6.7 Fighting
 + Level 9.6 Maces & Flails
 + Level 6.6 Armour
 + Level 3.4 Dodging
 + Level 1.4 Stealth
 + Level 9.2 Shields


You had 9 spell levels left.
You didn't know any spells.

Dungeon Overview and Level Annotations

Branches:
Dungeon (10/15)            Temple (1/1) D:5
   Lair: D:8-11         Orc: D:9-12

Altars:
Ashenzari
Cheibriados
Dithmenos
Elyvilon
Gozag
Hepliaklqana
Nemelex Xobeh
Ru
Trog
Uskayaw
Vehumet
Xom
Yredelemnul
Zin
The Shining One
Jiyva

Shops:
D:4 *   D:9 !

Annotations:
D:8 jotwebe's ghost, novice HOGl
D:10 Harold


Innate Abilities, Weirdness & Mutations

You are resistant to torment.
Your stone body is resilient. (AC +7)
You are immune to poison.
You resist negative energy. (rN+)
You are resistant to electric shocks. (rElec)
You can survive without breathing.
You are immune to petrification.
You are immune to rotting.
Your large and strong wings let you fly indefinitely.
You have very sharp teeth.
You have supernaturally acute eyesight. (SInv)
Your spells are a little harder to cast, but a little more powerful.


Message History

Harold hits you but does no damage.
You closely miss Harold.
Harold is lightly wounded.
You hear a slurping noise.
You feel a little less hungry. Harold hits you with a mace.
You thump Harold!
Harold is lightly wounded.
Harold gestures at you while chanting. The bolt of fire hits you!
You closely miss Harold.
Harold is lightly wounded.
You hear a slurping noise.
You hit Harold but do no damage.
Harold is lightly wounded.
You block Harold's attack.
You closely miss Harold.
Harold is lightly wounded.
Harold gestures at you while chanting. The bolt of fire hits you!
You die...

...... ... . .....
.... .... ...##
...#.#.. ......
...# # #+#@##.# ..
#.@....#
..######.######
#.......J....#
#............#
#............#
#............#
####............#
#...............#
###.#.............#


You could see Harold and a neutral jelly (fellow slime).

Vanquished Creatures
  Erica (D:9)
  A centaur zombie (D:10)
  Joseph (D:9)
  A hornet (D:7)
  3 orc warriors
  2 ice beasts
  2 phantoms
  2 ogres
  5 centaurs
  2 crocodiles
  A big kobold (D:9)
  2 bullfrogs (D:9)
  A gnoll sergeant (D:8)
  4 scorpions
  5 killer bees (D:7)
  2 howler monkeys
  3 crimson imps
  A bullfrog zombie (D:8)
  4 hounds
  A quasit (D:5)
  8 orc priests
  12 orc wizards
  5 worker ants
  2 iguanas
  8 gnolls
  9 adders
  A white imp (D:9)
  2 worms
  4 dart slugs
  2 leopard geckos
  22 orcs
  A ball python (D:2)
  7 bats
  15 giant cockroaches
  3 goblins
  5 hobgoblins
  9 jackals
  9 kobolds
  A quokka (D:2)
  3 frilled lizards
  A goblin zombie (D:9)
  3 hobgoblin zombies (D:9)
  A kobold zombie (D:9)
  2 leopard gecko skeletons
  An orc zombie (D:9)
  A quokka zombie (D:7)
  8 rats
189 creatures vanquished.

Vanquished Creatures (others)
  A hornet (D:9)
  A soldier ant (D:8)
  Duvessa (D:6)
  An ogre (D:6)
  2 centaurs
  A big kobold (D:9)
  Dowan (D:6)
  A wight (D:6)
  A crimson imp (D:9)
  21 jellies
  2 orc wizards (D:6)
  3 hound skeletons
  A worker ant zombie (D:9)
  An adder (D:5)
  An adder zombie (D:7)
  A leopard gecko (D:6)
  15 orcs
  4 jackals (D:7)
  3 kobolds (D:9)
  A goblin zombie (D:9)
  2 hobgoblin zombies (D:9)
  A kobold skeleton (D:9)
66 creatures vanquished.

Grand Total: 255 creatures vanquished

Notes
Turn   | Place    | Note
-------+----------+-------------------------------------------
     0 | D:1      | Kosschaser the Gargoyle Fighter began the quest for the Orb.
     0 | D:1      | Reached XP level 1. HP: 14/14 MP: 1/1
   458 | D:1      | Reached XP level 2. HP: 19/19 MP: 2/2
   727 | D:2      | Reached XP level 3. HP: 23/23 MP: 3/3
   930 | D:2      | Found a shimmering altar of Xom.
   933 | D:2      | Found a basalt altar of Yredelemnul.
   934 | D:2      | Found a hide-covered altar of Uskayaw.
   967 | D:2      | Found a white marble altar of Elyvilon.
  1381 | D:3      | Reached skill level 1 in Dodging
  1381 | D:3      | Reached XP level 4. HP: 24/29 MP: 4/4
  1511 | D:3      | Found a shadowy altar of Dithmenos.
  1865 | D:4      | Reached XP level 5. HP: 28/33 MP: 5/5
  1999 | D:4      | Noticed a centaur
  2008 | D:4      | Killed a centaur
  2070 | D:4      | Reached XP level 6. HP: 38/38 MP: 6/6
  2084 | D:4      | Noticed a phantom
  2106 | D:4      | Killed a phantom
  2309 | D:4      | Found Cauxziy's Assorted Antiques.
  2380 | D:4      | Found a sparkling altar of Nemelex Xobeh.
  2426 | D:4      | Reached XP level 7. HP: 44/44 MP: 7/7
  2727 | D:5      | Entered Level 5 of the Dungeon
  2733 | D:5      | Reached skill level 5 in Maces & Flails
  2733 | D:5      | Reached skill level 5 in Shields
  2851 | D:5      | Found a staircase to the Ecumenical Temple.
  2871 | Temple   | Entered the Ecumenical Temple
  2883 | Temple   | Became a worshipper of Jiyva Juletser the Shapeless
  3189 | D:5      | Found a shattered altar of Ashenzari.
  3693 | D:6      | Reached XP level 8. HP: 32/48 MP: 8/8
  3829 | D:6      | Reached skill level 5 in Fighting
  3989 | D:6      | Reached skill level 5 in Armour
  4026 | D:6      | Reached * piety under Jiyva
  4079 | D:6      | Reached ** piety under Jiyva
  4080 | D:6      | Killed Dowan
  4089 | D:6      | Found an opulent altar of Gozag.
  4091 | D:6      | Found a glowing silver altar of Zin.
  4107 | D:6      | Killed Duvessa
  4256 | D:6      | Reached *** piety under Jiyva
  4572 | D:6      | Gained mutation: Armour fits poorly on your pseudopods. [Jiyva's grace]
  5055 | D:7      | Found a hazy altar of Hepliaklqana.
  5057 | D:7      | Noticed a hornet
  5078 | D:7      | Killed a hornet
  5078 | D:7      | Reached XP level 9. HP: 38/55 MP: 9/9
  5316 | D:7      | Reached **** piety under Jiyva
  5401 | D:7      | Lost mutation: Armour fits poorly on your pseudopods. [potion of mutation]
  5401 | D:7      | Gained mutation: You are agile. (Dex +2) [potion of mutation]
  5401 | D:7      | Gained mutation: You have a pair of small horns on your head. [potion of mutation]
  5401 | D:7      | Gained mutation: Your spells are a little easier to cast, but a little less powerful. [potion of mutation]
  5401 | D:7      | Gained mutation: You have very sharp teeth. [potion of mutation]
  5532 | D:7      | Reached skill level 1 in Stealth
  5713 | D:7      | Lost mutation: You have a pair of small horns on your head. [Jiyva's grace]
  5766 | D:8      | Found a sacrificial altar of Ru.
  5867 | D:8      | Noticed a two-headed ogre
  5877 | D:8      | Slimified a two-headed ogre
  5877 | D:8      | a two-headed ogre changed into a slime creature
  5880 | D:8      | Noticed jotwebe's ghost (novice HOGl)
  6189 | D:9      | Gained mutation: You have a small jelly attached to you that senses nearby items. [Jiyva's grace]
  6193 | D:9      | Reached ***** piety under Jiyva
  6275 | D:9      | Found a glowing golden altar of the Shining One.
  6360 | D:9      | Gained mutation: Your movements are slightly less encumbered by armour. (ER -2) [Jiyva's grace]
  6417 | D:9      | Found Hois's Distillery.
  6425 | D:9      | Bought a potion of mutation for 128 gold pieces
  6425 | D:9      | Bought a potion of mutation for 128 gold pieces
  6425 | D:9      | Lost mutation: You have a small jelly attached to you that senses nearby items. [potion of mutation]
  6425 | D:9      | Lost mutation: Your spells are a little easier to cast, but a little less powerful. [potion of mutation]
  6425 | D:9      | Lost mutation: You are agile. (Dex +2) [potion of mutation]
  6425 | D:9      | Gained mutation: You are agile. (Dex +2) [potion of mutation]
  6425 | D:9      | Gained mutation: Your large and strong wings let you fly indefinitely. [potion of mutation]
  6425 | D:9      | Gained mutation: You have large cloven feet. [potion of mutation]
  6425 | D:9      | Gained mutation: You have supernaturally acute eyesight. (SInv) [potion of mutation]
  6426 | D:9      | Lost mutation: You are agile. (Dex +2) [potion of mutation]
  6426 | D:9      | Lost mutation: Your movements are slightly less encumbered by armour. (ER -2) [potion of mutation]
  6426 | D:9      | Lost mutation: You have large cloven feet. [potion of mutation]
  6426 | D:9      | Gained mutation: You do not regenerate when monsters are visible. [potion of mutation]
  6426 | D:9      | Gained mutation: Your spells are a little harder to cast, but a little more powerful. [potion of mutation]
  6428 | D:9      | Lost mutation: You do not regenerate when monsters are visible. [Jiyva's power]
  6454 | D:9      | Noticed Joseph
  6479 | D:9      | Killed Joseph
  6479 | D:9      | Reached XP level 10. HP: 32/61 MP: 10/10
  7206 | D:9      | Noticed Erica
  7230 | D:9      | Killed Erica
  7366 | D:10     | Entered Level 10 of the Dungeon
  7421 | D:10     | Noticed Harold
  7433 | D:10     | Killed from afar by Harold

Skill      XL: |  1  2  3  4  5  6  7  8  9 10 |
---------------+-------------------------------+-----
Dodging        | 1 2 3 |  3.4
Maces & Flails | 3 4 6 7 8 9 |  9.6
Armour         | 4 5 6 |  6.6
Shields        | 4 5 7 8 9 |  9.2
Fighting       | 4 5 6 |  6.7
Stealth        | 1 |  1.4

Action                   |  1- 3 |  4- 6 |  7- 9 | 10-12 || total
-------------------------+-------+-------+-------+-------++-------
Melee: Flail             |   155 |   190 |   618 |   144 ||  1107
       Pseudopods        |       |       |    22 |       ||    22
       Bite              |       |       |    29 |    16 ||    45
       Headbutt          |       |       |     4 |       ||     4
Invok: Cure Bad Mutation |       |       |     2 |       ||     2
       Request Jelly     |       |       |     1 |       ||     1
       Slimify           |       |       |     1 |       ||     1
  Use: Scroll            |       |       |    14 |       ||    14
       Potion            |       |       |     4 |       ||     4
  Eat: Chunk             |     2 |     4 |     7 |       ||    13
Armor: Scale mail        |   130 |   132 |   266 |       ||   528
       Chain mail        |       |       |   161 |    62 ||   223
Dodge: Dodged            |    76 |    72 |   271 |    28 ||   447
Block: Shield            |   121 |   123 |   423 |    72 ||   739
